[Event "Titled Tuesday Blitz January 11 2022"]
[White "Murzin, Volodar"]
[Black "Kamsky, Gata"]
[WhiteFideId "44155573"]
[BlackFideId "2000024"]
[WhiteElo "2585"]
[BlackElo "2645"]
[Result "0-1"]
[Round "11"]
[TimeControl "180+1"]
[Date "2022.01.11"]
[WhiteClock "0:00:05"]
[BlackClock "0:00:24"]

1. e4 c5 2. Nf3 e6 3. g3 b6 4. Bg2 Bb7 5. d3 d6 6. Nbd2 Be7 7. O-O Nd7 8. c3 Ngf6 9. Re1 e5 10. Nc4 O-O 11. a4 a6 12. Bg5 h6 13. Bxf6 Nxf6 14. Qb3 Rb8 15. Nh4 Bc8 16. Nf5 Be6 17. Qc2 Re8 18. a5 b5 19. Nb6 Bf8 20. c4 b4 21. Ne3 g6 22. Ned5 Bg7 23. Qa4 Nd7 24. Qc6 Nxb6 25. Nxb6 Re7 26. h4 Rc7 27. Qa4 h5 28. Kh2 g5 29. Qd1 gxh4 30. Qxh5 hxg3+ 31. fxg3 Qf6 32. Rf1 Qh6 33. Qxh6 Bxh6 34. Bh3 Kg7 35. Bf5 Bg5 36. Kg2 Rh8 37. Rh1 Rxh1 38. Rxh1 Rb7 39. Rh7+ Kg8 40. Rh5 Bd8 41. Nd5 Bxd5 42. exd5 b3 43. Bc8 Rb4 44. Bd7 Bxa5 45. Rh1 Rb7 46. Bc8 Rb8 47. Bf5 Bd2 48. Ra1 a5 49. Bd7 Rb7 50. Bb5 f5 51. Kf3 Rh7 52. Kg2 Kg7 53. Ra3 Kf6 54. Ba4 Bb4 55. Ra1 Rb7 56. Bxb3 Bd2 57. Ra3 Bc1 58. Bd1 Rxb2+ 59. Kf3 Rd2 60. Rxa5 Rxd1 61. Ra6 Rxd3+ 62. Ke2 Rd4 63. Rxd6+ Kg5 64. Re6 e4 65. Re8 Rxc4 66. Rg8+ Kf6 67. d6 Rd4 68. Rf8+ Ke6 0-1


[Site "https://www.chess.com"]

[Event "Titled Tuesday Blitz January 11 2022"]
[White "Narayanan.S.L"]
[Black "Lysyj, Igor"]
[WhiteFideId "5058422"]
[BlackFideId "4150120"]
[WhiteElo "2494"]
[BlackElo "2611"]
[Result "1/2-1/2"]
[Round "11"]
[TimeControl "180+1"]
[Date "2022.01.11"]
[WhiteClock "0:00:21"]
[BlackClock "0:00:07"]

1. c4 e6 2. Nf3 Nf6 3. g3 d5 4. Bg2 Be7 5. O-O O-O 6. Ne5 c5 7. b3 Qc7 8. Bb2 d4 9. f4 Nbd7 10. Nxd7 Bxd7 11. e4 dxe3 12. dxe3 Bc6 13. Nc3 Rad8 14. Qe2 a6 15. Rfd1 Rxd1+ 16. Rxd1 Rd8 17. e4 Rxd1+ 18. Nxd1 Nd7 19. e5 Bxg2 20. Qxg2 Nb8 21. Qd2 Nc6 22. Nf2 Qd8 23. Qxd8+ Bxd8 24. Ne4 Be7 25. Bc3 h5 26. Kf2 Kf8 27. h3 Ke8 28. g4 hxg4 29. hxg4 g6 30. a4 Kd7 31. Ke2 Na7 32. Bd2 Kc6 33. Be3 b6 34. Kd3 Nc8 35. Bf2 Kb7 36. Nd2 Na7 37. Nf3 Nc6 38. Bh4 Bxh4 39. Nxh4 Kc7 40. Nf3 Kd7 41. Ng5 Nd8 42. Kd2 Ke7 43. a5 bxa5 44. Ne4 Nb7 45. Kc3 Kd7 46. Kb2 Kc6 47. Ng5 Nd8 48. Ka3 Kc7 49. Ka4 Kb6 50. Ka3 Kc7 51. Ne4 Kb6 52. Nd6 Kc7 53. Ka4 f5 54. g5 Nc6 55. Ne8+ Kd8 56. Nd6 Kc7 57. Nf7 Kb6 58. Nh8 Ne7 59. Ka3 Kc7 60. Nf7 Nc6 61. Nd6 Nd4 62. Ka4 Ne2 63. Kxa5 Nxf4 64. Kxa6 Nd3 65. Kb5 f4 66. Ne4 f3 67. Nd2 f2 68. Nf1 Kb7 69. Ne3 Kc7 70. Nf1 Kb7 71. Ng3 Kc7 72. Nf1 1/2-1/2


[Site "https://www.chess.com"]

[Event "Titled Tuesday Blitz January 11 2022"]
[White "Nesterov, Arseniy"]
[Black "Shkapenko, Pavel"]
[WhiteFideId "24198455"]
[BlackFideId "4151933"]
[WhiteElo "2489"]
[BlackElo "2386"]
[Result "1/2-1/2"]
[Round "11"]
[TimeControl "180+1"]
[Date "2022.01.11"]
[WhiteClock "0:00:10"]
[BlackClock "0:00:25"]

1. d4 Nf6 2. c4 e6 3. Nc3 Bb4 4. Qc2 c5 5. dxc5 Bxc5 6. Nf3 Qb6 7. e3 Qc7 8. a3 b6 9. Be2 Bb7 10. O-O a6 11. b4 Be7 12. e4 d6 13. Bf4 Nh5 14. Be3 Nd7 15. Rfd1 O-O 16. h3 Rac8 17. Rac1 Rfd8 18. Qb3 Nhf6 19. Qb1 Qb8 20. Bf4 Ne5 21. Nxe5 dxe5 22. Be3 Ba8 23. f3 Nh5 24. Na4 Ng3 25. Bd3 Rd4 26. Bxd4 exd4 27. c5 Bg5 28. Re1 b5 29. Nb6 Rd8 30. a4 Be3+ 31. Rxe3 dxe3 32. axb5 axb5 33. Bxb5 Rd2 34. Re1 Nh5 35. Rxe3 Qg3 36. Re2 Rxe2 37. Bxe2 Nf4 38. Bf1 Nxh3+ 39. Kh1 Nf2+ 40. Kg1 Nh3+ 41. Kh1 Nf2+ 42. Kg1 Nh3+ 1/2-1/2


[Site "https://www.chess.com"]

[Event "Titled Tuesday Blitz January 11 2022"]
[White "Pakleza, Zbigniew"]
[Black "Manukyan, Artyom"]
[WhiteFideId "1119290"]
[BlackFideId "13305786"]
[WhiteElo "2467"]
[BlackElo "2034"]
[Result "1-0"]
[Round "11"]
[TimeControl "180+1"]
[Date "2022.01.11"]
[WhiteClock "0:00:10"]
[BlackClock "0:00:09"]

1. d4 d5 2. Bf4 Nf6 3. e3 c5 4. c3 Nc6 5. Nd2 Bg4 6. Qb3 Qd7 7. Ngf3 cxd4 8. cxd4 a6 9. Ne5 Nxe5 10. dxe5 Ne4 11. Nxe4 dxe4 12. Bc4 e6 13. h3 Bh5 14. g4 Bg6 15. O-O Bc5 16. Rac1 Qe7 17. Qa4+ Kf8 18. Rfd1 h5 19. g5 Kg8 20. Be2 b5 21. Bxb5 Kh7 22. Bf1 a5 23. Rd7 Qf8 24. Bg2 Rb8 25. Qc2 Qe8 26. Rdd1 Rc8 27. Bxe4 Qe7 28. Bxg6+ fxg6 29. Qd2 Rhf8 30. Qd7 Qxd7 31. Rxd7 Bb4 32. Rxc8 Rxc8 33. a3 Bf8 34. Ra7 Rc1+ 35. Kg2 Rb1 36. Rxa5 Rxb2 37. Ra6 Bc5 38. a4 Bb4 39. Rxe6 h4 40. Rb6 Bc3 41. Rxb2 Bxb2 42. a5 1-0


[Site "https://www.chess.com"]

[Event "Titled Tuesday Blitz January 11 2022"]
[White "Papp, Petra"]
[Black "Punin, Andrii"]
[WhiteFideId "739049"]
[BlackFideId "14112639"]
[WhiteElo "2259"]
[BlackElo "2357"]
[Result "0-1"]
[Round "11"]
[TimeControl "180+1"]
[Date "2022.01.11"]
[WhiteClock "0:00:03"]
[BlackClock "0:00:13"]

1. d4 Nf6 2. Nf3 d5 3. c4 e6 4. g3 dxc4 5. Bg2 c6 6. O-O b5 7. Ne5 Bb7 8. a4 a6 9. b3 cxb3 10. Qxb3 Be7 11. Nc3 O-O 12. Rd1 Nfd7 13. Bb2 Qb6 14. Ne4 Nxe5 15. dxe5 c5 16. Nd6 Bxg2 17. Kxg2 Bxd6 18. exd6 Nd7 19. h4 Qc6+ 20. Kh2 e5 21. h5 h6 22. Qe3 f6 23. Rac1 c4 24. Qd2 Kh8 25. a5 Rac8 26. f3 Rfd8 27. Qb4 Nc5 28. Kg2 Rxd6 29. Rxd6 Qxd6 30. Ba3 Qc7 31. Rd1 Nb7 32. Qc3 Nxa5 33. Rd6 Nc6 34. Qd2 b4 35. Rd7 Rd8 36. Rxc7 Rxd2 37. Rxc6 bxa3 38. Rxc4 Rxe2+ 39. Kh3 a2 40. Ra4 Kg8 41. Kg4 Kf7 42. Rxa6 Rf2 43. f4 e4 44. Kf5 e3 45. Ra7+ Ke8 46. Ke6 Kd8 47. Ra8+ Kc7 48. Ra7+ Kb6 49. Ra3 Rd2 50. Kf5 e2 51. Rb3+ Ka5 52. Ra3+ Kb4 53. Re3 a1=Q 54. Kg6 Qd4 55. Re6 Qd3+ 0-1


[Site "https://www.chess.com"]

[Event "Titled Tuesday Blitz January 11 2022"]
[White "Perez Gormaz, Matias"]
[Black "Reprintsev, Alexander"]
[WhiteFideId "3406342"]
[BlackFideId "14100541"]
[WhiteElo "2352"]
[BlackElo "2126"]
[Result "0-1"]
[Round "11"]
[TimeControl "180+1"]
[Date "2022.01.11"]
[WhiteClock "0:00:06"]
[BlackClock "0:00:13"]

1. e4 d5 2. exd5 Qxd5 3. Nc3 Qa5 4. d4 Nf6 5. Bd2 Bg4 6. f3 Bd7 7. Bc4 Qb6 8. Nge2 e6 9. O-O Be7 10. Kh1 O-O 11. a4 a5 12. Bb3 Qa6 13. Nf4 Rd8 14. Qe1 Nc6 15. Nb5 Rac8 16. d5 exd5 17. Nxd5 Nxd5 18. Bxd5 Bf6 19. Bf4 Re8 20. Qg3 Be5 21. Rad1 Re7 22. Bxc6 Bxf4 23. Qxf4 Bxc6 24. Nd4 Bd7 25. b3 c5 26. Nf5 Bxf5 27. Qxf5 Qe6 28. Qh5 g6 29. Qg5 b6 30. h4 Rce8 31. Rf2 Qe3 32. Qxe3 Rxe3 33. Rd6 R8e6 34. Rfd2 Kg7 35. Kg1 Kf6 36. Kf2 Rc3 37. g4 h6 38. f4 c4 39. g5+ hxg5 40. hxg5+ Kf5 41. R6d5+ Kxf4 42. R5d4+ Re4 43. Rxe4+ Kxe4 44. Re2+ Kf5 45. bxc4 Kxg5 46. Re7 f5 47. Rc7 Rxc2+ 48. Ke3 Ra2 49. Rc6 Ra3+ 50. Kd4 Rxa4 51. Rxb6 f4 52. Rb1 Kf5 53. Rb8 g5 54. Rf8+ Kg4 55. Kd5 Ra2 56. c5 Rd2+ 57. Kc4 Rc2+ 58. Kb5 f3 59. Kxa5 Rxc5+ 60. Kb6 Rf5 0-1


[Site "https://www.chess.com"]

[Event "Titled Tuesday Blitz January 11 2022"]
[White "Pinheiro, Iung Alicio de O."]
[Black "Jones, Gawain C B"]
[WhiteFideId "2104350"]
[BlackFideId "409561"]
[WhiteElo "2607"]
[BlackElo "2657"]
[Result "0-1"]
[Round "11"]
[TimeControl "180+1"]
[Date "2022.01.11"]
[WhiteClock "0:00:18"]
[BlackClock "0:01:15"]

1. d4 d5 2. c4 c6 3. Nc3 Nf6 4. cxd5 cxd5 5. Bf4 Nc6 6. e3 e6 7. Bd3 Bd6 8. Bxd6 Qxd6 9. f4 O-O 10. Nf3 Bd7 11. O-O Rfc8 12. Ne5 Ne7 13. Rf3 Bc6 14. Qb1 g6 15. Rh3 Rab8 16. Qe1 Kg7 17. Qh4 h5 18. Rf1 Nf5 19. Qe1 b5 20. Ne2 b4 21. Ng3 Bb5 22. Nxf5+ exf5 23. Qe2 Bxd3 24. Qxd3 Ne4 25. Rhf3 b3 26. a3 Rc2 27. Rh3 Rxb2 28. Qd1 Rd2 29. Qf3 b2 30. Rxh5 b1=Q 0-1


[Site "https://www.chess.com"]

[Event "Titled Tuesday Blitz January 11 2022"]
[White "Piorun, Kacper"]
[Black "Sadhwani, Raunak"]
[WhiteFideId "1130420"]
[BlackFideId "35093487"]
[WhiteElo "2571"]
[BlackElo "2616"]
[Result "1-0"]
[Round "11"]
[TimeControl "180+1"]
[Date "2022.01.11"]
[WhiteClock "0:01:26"]
[BlackClock "0:01:37"]

1. Nf3 d5 2. g3 Nc6 3. Bg2 e5 4. d3 f6 5. O-O Be6 6. c4 dxc4 7. Qa4 cxd3 8. Rd1 Bd6 9. Rxd3 Ne7 10. Nc3 O-O 11. Ne4 Bf7 12. Be3 Nd5 13. Rad1 Nxe3 14. fxe3 Qe7 15. Nxd6 cxd6 16. Rxd6 Rfd8 17. Rxd8+ Qxd8 18. Rxd8+ Rxd8 19. h4 Be6 20. Qb5 Rd7 21. Ne1 h5 22. Bxc6 bxc6 23. Qxc6 Bg4 24. Nd3 Rd8 25. Kf2 Rc8 26. Qd5+ Kh8 27. Nc5 Rb8 28. b3 Rf8 29. Qd6 Re8 30. Qc7 Kh7 31. Qxa7 Rd8 32. Qa5 Rd1 33. Qc3 Rh1 34. Kg2 Rh3 35. a4 g5 36. hxg5 h4 37. gxh4 1-0


[Site "https://www.chess.com"]

[Event "Titled Tuesday Blitz January 11 2022"]
[White "Rasulov, Vugar"]
[Black "Howell, David W L"]
[WhiteFideId "13402390"]
[BlackFideId "410608"]
[WhiteElo "2560"]
[BlackElo "2559"]
[Result "0-1"]
[Round "11"]
[TimeControl "180+1"]
[Date "2022.01.11"]
[WhiteClock "0:01:16"]
[BlackClock "0:00:16"]

1. d4 d5 2. c4 e6 3. Nf3 Nf6 4. Nc3 h6 5. Bf4 Bd6 6. Bg3 O-O 7. e3 b6 8. cxd5 Bxg3 9. hxg3 Nxd5 10. Nxd5 Qxd5 11. Qc2 Bb7 12. Bc4 Qd6 13. O-O-O Rc8 14. g4 c5 15. g5 b5 16. gxh6 g6 17. h7+ Kg7 18. dxc5 Qe7 19. Qc3+ f6 20. h8=Q+ Rxh8 21. Rxh8 Kxh8 22. Bxb5 Nc6 23. Rd6 Rc8 24. Kb1 Kg7 25. Nd4 Nxd4 26. Qxd4 Rc7 27. Rd7 Rxd7 28. Qxd7 Kf7 29. g3 Be4+ 30. Kc1 Qxd7 31. Bxd7 Ke7 32. Bb5 e5 33. Kd2 Ke6 34. b4 Kd5 35. Kc3 Bg2 36. Bd3 f5 37. a4 a5 38. Bc4+ Kc6 39. Bf7 g5 40. Bg6 f4 41. Be4+ Bxe4 42. exf4 gxf4 43. gxf4 exf4 44. Kd4 axb4 45. Kxe4 Kxc5 46. Kd3 Kb6 0-1


[Site "https://www.chess.com"]

[Event "Titled Tuesday Blitz January 11 2022"]
[White "Risteski, Emil"]
[Black "Csonka, Balazs"]
[WhiteFideId "15005267"]
[BlackFideId "742910"]
[WhiteElo "2070"]
[BlackElo "2404"]
[Result "1/2-1/2"]
[Round "11"]
[TimeControl "180+1"]
[Date "2022.01.11"]
[WhiteClock "0:00:13"]
[BlackClock "0:00:04"]

1. e4 e6 2. d3 c5 3. f4 Nc6 4. Be2 g6 5. Nf3 Bg7 6. O-O Nge7 7. Qe1 f5 8. Kh1 O-O 9. Bd1 b6 10. c3 Bb7 11. Na3 a6 12. Nc4 Qc7 13. e5 Nc8 14. h4 h5 15. Ng5 b5 16. Nd2 Re8 17. Bf3 d6 18. Nb3 c4 19. dxc4 bxc4 20. Nd4 Nxd4 21. cxd4 Bxf3 22. Rxf3 d5 23. b3 Nb6 24. Bd2 Qd7 25. Ba5 Rab8 26. Rc1 Rec8 27. Rfc3 cxb3 28. Bxb6 Rxc3 29. Qxc3 Rxb6 30. Qc8+ Qxc8 31. Rxc8+ Bf8 32. axb3 Kg7 33. Rc7+ Kg8 34. Ra7 Bh6 35. Kh2 Bxg5 36. hxg5 Rxb3 37. Rxa6 Kf7 38. Ra7+ Kf8 39. Ra8+ Kf7 40. Ra7+ Kf8 41. Ra4 Rd3 42. g3 Rd2+ 43. Kh3 Rd3 44. Kg2 Rd2+ 45. Kf3 Kf7 46. Ra7+ Kf8 47. Ra4 Kf7 48. Ke3 Rg2 49. Ra7+ Kf8 50. Kf3 Rd2 51. Ra6 Kf7 52. Ke3 Rg2 53. Kf3 Rd2 54. Ra4 Rd3+ 55. Kf2 Rd2+ 56. Ke3 Rg2 57. Kf3 Rd2 1/2-1/2


[Site "https://www.chess.com"]

[Event "Titled Tuesday Blitz January 11 2022"]
[White "Santos Ruiz, Miguel"]
[Black "Devaev, Alexander"]
[WhiteFideId "22291482"]
[BlackFideId "4169395"]
[WhiteElo "2486"]
[BlackElo "2185"]
[Result "1-0"]
[Round "11"]
[TimeControl "180+1"]
[Date "2022.01.11"]
[WhiteClock "0:00:22"]
[BlackClock "0:00:01"]

1. d4 Nf6 2. Nf3 e6 3. Bf4 d5 4. e3 Bd6 5. Nbd2 Qe7 6. Bd3 Nbd7 7. Bxd6 Qxd6 8. c4 c6 9. O-O O-O 10. e4 dxe4 11. Nxe4 Nxe4 12. Bxe4 c5 13. dxc5 Qxc5 14. Qe2 Nf6 15. Bc2 b6 16. Rad1 Bb7 17. b3 Rac8 18. Rd2 Rfe8 19. Rfd1 h6 20. h3 a6 21. Ne5 b5 22. Rd7 Nxd7 23. Rxd7 Re7 24. Qd3 f5 25. Rd8+ Kh7 26. Rxc8 Bxc8 27. Qg3 g5 28. h4 Rg7 29. hxg5 Rxg5 30. Qf4 Bb7 31. g3 bxc4 32. Nxc4 Qd5 33. Kf1 Qh1+ 34. Ke2 Qd5 35. Ne3 Qc6 36. Qe5 Qf3+ 37. Ke1 Rg7 38. g4 Qh1+ 39. Kd2 Rd7+ 40. Bd3 Qe4 41. Qc3 Qc6 42. gxf5 Qxc3+ 43. Kxc3 Rc7+ 44. Kd4 exf5 45. Nxf5 h5 46. b4 Bc8 47. Nd6+ Kh6 48. a4 h4 49. b5 axb5 50. axb5 h3 51. b6 Re7 52. Nxc8 Rd7+ 53. Kc3 h2 54. Be4 Re7 55. Bg2 1-0


[Site "https://www.chess.com"]

[Event "Titled Tuesday Blitz January 11 2022"]
[White "Sargsyan, Anna M."]
[Black "Preotu, Razvan"]
[WhiteFideId "13308130"]
[BlackFideId "2613280"]
[WhiteElo "2271"]
[BlackElo "2407"]
[Result "1-0"]
[Round "11"]
[TimeControl "180+1"]
[Date "2022.01.11"]
[WhiteClock "0:01:31"]
[BlackClock "0:00:11"]

1. d4 Nf6 2. c4 g6 3. g3 c6 4. Bg2 d5 5. Nf3 Bg7 6. O-O O-O 7. Qb3 a5 8. cxd5 a4 9. Qd1 cxd5 10. Nc3 Qa5 11. Bd2 Nc6 12. Rc1 Bf5 13. Nh4 Be6 14. Nxd5 Qd8 15. Nxf6+ Bxf6 16. e3 Bxh4 17. gxh4 Bxa2 18. Bc3 e6 19. h5 Qh4 20. hxg6 hxg6 21. Qe2 Rfd8 22. f4 Bd5 23. e4 Bb3 24. Qe3 b5 25. Be1 Qh8 26. Rxc6 Qxd4 27. Qxd4 Rxd4 28. Bc3 Rd3 29. f5 Rb8 30. fxg6 fxg6 31. Rc7 b4 32. Be5 1-0


[Site "https://www.chess.com"]

[Event "Titled Tuesday Blitz January 11 2022"]
[White "Siddharth, Jagadeesh"]
[Black "Migot, Tangi"]
[WhiteFideId "5818320"]
[BlackFideId "662445"]
[WhiteElo "2127"]
[BlackElo "2549"]
[Result "0-1"]
[Round "11"]
[TimeControl "180+1"]
[Date "2022.01.11"]
[WhiteClock "0:00:40"]
[BlackClock "0:00:48"]

1. d4 d5 2. c4 c6 3. e3 Nf6 4. Nc3 e6 5. Nf3 Nbd7 6. Be2 Be7 7. O-O b6 8. b3 Bb7 9. Bb2 O-O 10. Bd3 Bb4 11. a3 Bxc3 12. Bxc3 c5 13. cxd5 exd5 14. Qc2 Qe7 15. Rad1 Rac8 16. Qb2 Ne4 17. dxc5 Nxc3 18. Qxc3 bxc5 19. Qc2 Nf6 20. Bf5 Rc7 21. Rd2 Rd8 22. Rfd1 d4 23. Ne1 g6 24. Bh3 Ne4 25. Rd3 Ba6 26. f3 Bxd3 27. Nxd3 Nc3 28. Re1 Qh4 29. e4 Qf6 30. Qf2 Qa6 31. Qh4 Rf8 32. Ne5 f6 33. Nd7 Rxd7 34. Bxd7 Qd6 35. Qg4 d3 36. Qe6+ Qxe6 37. Bxe6+ Kg7 0-1


[Site "https://www.chess.com"]

[Event "Titled Tuesday Blitz January 11 2022"]
[White "Sjugirov, Sanan"]
[Black "Shimanov, Aleksandr"]
[WhiteFideId "4189302"]
[BlackFideId "4198603"]
[WhiteElo "2602"]
[BlackElo "2636"]
[Result "1-0"]
[Round "11"]
[TimeControl "180+1"]
[Date "2022.01.11"]
[WhiteClock "0:00:05"]
[BlackClock "0:00:02"]

1. e4 d5 2. exd5 Qxd5 3. Nc3 Qe5+ 4. Be2 Bg4 5. d4 Bxe2 6. Ngxe2 Qa5 7. O-O Nf6 8. Bf4 Nc6 9. Qd3 O-O-O 10. Qc4 e6 11. a3 Qf5 12. Bg3 h5 13. h3 h4 14. Bh2 g5 15. f3 Bd6 16. Bxd6 Rxd6 17. Rfd1 Rg8 18. Qd3 Ne7 19. Qxf5 Nxf5 20. Rd3 Rgd8 21. Rad1 Rc6 22. Kf2 a6 23. R1d2 Nd5 24. Ne4 Nf4 25. Nxf4 gxf4 26. Nf6 Rcd6 27. Nh5 Nxd4 28. Nxf4 e5 29. Ne2 b5 30. f4 f6 31. fxe5 fxe5 32. Nxd4 exd4 33. Rf3 c5 34. Rf4 Rh8 35. b4 cxb4 36. axb4 Rg6 37. Rdxd4 Rhg8 38. Rg4 Rf6+ 39. Ke3 Re8+ 40. Rde4 Rd8 41. Rxh4 Rc6 42. c4 Rcd6 43. cxb5 axb5 44. Rd4 Rxd4 45. Rxd4 1-0


[Site "https://www.chess.com"]

[Event "Titled Tuesday Blitz January 11 2022"]
[White "Sokolin, Leonid"]
[Black "Wagner, Dennis"]
[WhiteFideId "2009161"]
[BlackFideId "24650684"]
[WhiteElo "2394"]
[BlackElo "2355"]
[Result "0-1"]
[Round "11"]
[TimeControl "180+1"]
[Date "2022.01.11"]
[WhiteClock "0:01:09"]
[BlackClock "0:01:04"]

1. e4 c5 2. Nf3 d6 3. Bb5+ Nd7 4. a4 Nf6 5. Nc3 a6 6. Be2 g6 7. a5 Bg7 8. O-O O-O 9. d4 cxd4 10. Nxd4 Qc7 11. Be3 b5 12. axb6 Nxb6 13. Qd3 Bb7 14. Nb3 Nfd7 15. f3 Bxc3 16. bxc3 Ne5 17. Qd4 Nec4 18. Bf2 e5 19. Qd1 d5 20. exd5 Bxd5 21. Nd2 Rfd8 22. Nxc4 Bxc4 23. Qe1 Bxe2 24. Qxe2 Nc4 25. Ra4 Nd2 26. Rd1 Qxc3 27. Rxa6 Rxa6 28. Qxa6 Nxf3+ 29. gxf3 Rxd1+ 30. Kg2 Qxc2 0-1


[Site "https://www.chess.com"]

[Event "Titled Tuesday Blitz January 11 2022"]
[White "Stromboli, Ettore"]
[Black "Aradhya, Garg"]
[WhiteFideId "813761"]
[BlackFideId "25006746"]
[WhiteElo "2414"]
[BlackElo "2169"]
[Result "1/2-1/2"]
[Round "11"]
[TimeControl "180+1"]
[Date "2022.01.11"]
[WhiteClock "0:00:14"]
[BlackClock "0:00:06"]

1. e4 e5 2. Nf3 Nc6 3. Bb5 a6 4. Bxc6 dxc6 5. O-O f6 6. c3 Qd3 7. Re1 Bc5 8. h3 Ne7 9. a4 Be6 10. b4 Bb6 11. Na3 Ng6 12. Qc2 Nf4 13. Qxd3 Nxd3 14. Re2 O-O-O 15. Nc2 g5 16. Nce1 Nf4 17. Kf1 Bc4 18. d3 Rxd3 19. Bxf4 gxf4 20. Nxd3 Bxd3 21. Ke1 Bxe2 22. Kxe2 Rg8 23. Nh4 Kd7 24. Rd1+ Ke6 25. Kf3 a5 26. Nf5 axb4 27. cxb4 Ba7 28. a5 Bb8 29. Rd3 Ba7 30. Rd2 Rb8 31. Ng7+ Ke7 32. Nf5+ Ke6 33. Rc2 Kd7 34. Rd2+ Ke8 35. Kg4 Rd8 36. Rc2 Rd1 37. b5 Kd7 38. a6 bxa6 39. bxc6+ Ke6 40. Ra2 Rc1 41. Rxa6 Bxf2 42. Ng7+ Kf7 43. Nf5 Bb6 44. Nd6+ Kg6 45. Nc8 h5+ 46. Kf3 Rc3+ 47. Ke2 Re3+ 48. Kd2 Bd4 49. Ne7+ Kf7 50. Nf5 Rb3 51. Nxd4 exd4 52. Ra7 Ke6 53. Rxc7 Rc3 54. Rd7 Ke5 55. Re7+ Kd6 56. Rf7 Ke6 57. Rd7 Rxc6 58. Rxd4 Ke5 59. Ra4 Rd6+ 60. Ke2 Rd4 61. Ra5+ Kxe4 62. Rxh5 Ra4 63. Kf2 Ra2+ 64. Kg1 f3 65. gxf3+ Kf4 66. Rh6 f5 67. Rh5 Rb2 68. Kf1 Kxf3 69. Rxf5+ Kg3 70. Rf8 Rb1+ 71. Ke2 Kxh3 72. Rh8+ Kg4 73. Rf8 Kg5 74. Rg8+ Kf6 75. Rg2 Ke5 76. Kf3 Rb3+ 77. Kg4 Kf6 78. Rf2+ Kg6 79. Rf4 Rb5 80. Re4 Rc5 81. Kf3 Rc3+ 82. Kg4 Kf6 83. Rf4+ Ke5 84. Rf5+ Kd4 85. Rf4+ Ke5 86. Rf3 Rc4+ 87. Kg3 Rc8 88. Re3+ Kf5 89. Rf3+ Ke4 90. Kf2 Rc2+ 91. Kg3 Rc7 92. Rf4+ Ke5 93. Rf8 Rg7+ 94. Kf3 Ra7 95. Re8+ Kf5 96. Re3 Ra4 97. Rb3 Rf4+ 98. Kg3 Ra4 99. Rb5+ Kf6 100. Rb3 Kg5 101. Rf3 Rg4+ 102. Kf2 Rh4 103. Kg3 Rh7 104. Rc3 Rd7 105. Rc4 Kf5 106. Kf3 Ke5 107. Ke3 Ra7 108. Re4+ Kd5 109. Re8 Ra4 110. Rd8+ Ke6 111. Rb8 Rc4 112. Kd3 Rg4 113. Rb6+ Kd5 114. Rb5+ Kc6 115. Rb8 Rf4 116. Ke3 Rf6 117. Kd4 Rd6+ 118. Ke5 Rd1 119. Rc8+ Kd7 120. Rc2 Re1+ 121. Kd4 Kd6 1/2-1/2


[Site "https://www.chess.com"]

[Event "Titled Tuesday Blitz January 11 2022"]
[White "Supatashvili, Khvicha"]
[Black "Maximov, Dmitry"]
[WhiteFideId "13600664"]
[BlackFideId "14105659"]
[WhiteElo "2703"]
[BlackElo "2494"]
[Result "1/2-1/2"]
[Round "11"]
[TimeControl "180+1"]
[Date "2022.01.11"]
[WhiteClock "0:00:10"]
[BlackClock "0:00:23"]

1. d4 Nf6 2. c4 g6 3. Nc3 Bg7 4. e4 O-O 5. Be2 d6 6. Be3 e5 7. d5 Nfd7 8. h4 f5 9. h5 f4 10. Bd2 Nf6 11. hxg6 hxg6 12. Nf3 Na6 13. Qc2 c6 14. a3 cxd5 15. cxd5 Bd7 16. b4 Rc8 17. Qb3 Qb6 18. Ng5 Nc5 19. Qd1 f3 20. gxf3 Na6 21. Be3 Qd8 22. Qd2 Nh5 23. Ne6 Bxe6 24. dxe6 Nc7 25. Bc4 Qe7 26. Rc1 Kh7 27. Nd5 Nxd5 28. exd5 Kg8 29. Bd3 Rxc1+ 30. Qxc1 Nf4 31. Bxf4 Rxf4 32. Bxg6 Qg5 33. Qc8+ Bf8 34. Be4 Qg2 35. Rh6 Rxe4+ 36. fxe4 Qxe4+ 37. Kf1 Qd3+ 38. Kg2 Qxd5+ 39. Kh2 Qf3 40. e7 Qxf2+ 41. Kh1 Qf1+ 42. Kh2 Qf2+ 43. Kh1 Qf1+ 44. Kh2 Qf2+ 1/2-1/2


[Site "https://www.chess.com"]

[Event "Titled Tuesday Blitz January 11 2022"]
[White "Tanenbaum, Zachary"]
[Black "Gomez, Carlos David"]
[WhiteFideId "2060850"]
[BlackFideId "114669"]
[WhiteElo "2168"]
[BlackElo "2340"]
[Result "1-0"]
[Round "11"]
[TimeControl "180+1"]
[Date "2022.01.11"]
[WhiteClock "0:01:25"]
[BlackClock "0:01:20"]

1. e4 d5 2. exd5 Nf6 3. Bb5+ c6 4. dxc6 bxc6 5. Bc4 e5 6. d3 Bc5 7. Nf3 O-O 8. Bg5 e4 9. Nfd2 e3 10. Bxe3 Bxe3 11. fxe3 Ng4 12. Qf3 Qb6 13. O-O Nxe3 14. Rf2 Ng4 15. Nc3 Nxf2 16. Qxf2 Qxb2 17. Re1 Qb6 18. d4 Be6 19. Rxe6 fxe6 20. Bxe6+ 1-0


[Site "https://www.chess.com"]

[Event "Titled Tuesday Blitz January 11 2022"]
[White "Tari, Aryan"]
[Black "Lenderman, Aleksandr"]
[WhiteFideId "1510045"]
[BlackFideId "2021285"]
[WhiteElo "2567"]
[BlackElo "2651"]
[Result "1-0"]
[Round "11"]
[TimeControl "180+1"]
[Date "2022.01.11"]
[WhiteClock "0:00:21"]
[BlackClock "0:01:11"]

1. e4 e6 2. d4 d5 3. Nc3 dxe4 4. Nxe4 Nd7 5. g3 Rb8 6. Bg2 b5 7. Ne2 Bb7 8. Qd3 Be7 9. O-O Bd5 10. b3 Ngf6 11. N2c3 Nxe4 12. Nxe4 O-O 13. Bf4 Rb6 14. c4 bxc4 15. bxc4 Ba8 16. Rad1 Nf6 17. c5 Rb2 18. Qa3 Rb8 19. Nxf6+ Bxf6 20. c6 Be7 21. Qxa7 Bd6 22. Be3 Rb2 23. d5 exd5 24. Bxd5 Qb8 25. Qd4 Rb4 26. Qd3 Qb5 27. Qxb5 Rxb5 28. a4 Ra5 29. Rd4 Bc5 30. Bd2 Ra6 31. Rc4 Bd6 32. Rb1 Rd8 33. Be1 Be5 34. Bf3 g6 35. a5 Kg7 36. Kg2 Rd6 37. Rbc1 h5 38. h4 f5 39. Bb4 Rd3 40. Re1 Kf6 41. Be7+ Ke6 42. Rc5 Kxe7 43. Rcxe5+ Kd6 44. Re6+ Kc5 45. R1e5+ Kb4 46. Rxg6 Rxa5 47. Rxa5 Kxa5 48. Rf6 Kb6 49. Rxf5 1-0


[Site "https://www.chess.com"]

[Event "Titled Tuesday Blitz January 11 2022"]
[White "Tasev, Dejan"]
[Black "Triapishko, Alexandr"]
[WhiteFideId "936618"]
[BlackFideId "14122286"]
[WhiteElo "2253"]
[BlackElo "2479"]
[Result "1/2-1/2"]
[Round "11"]
[TimeControl "180+1"]
[Date "2022.01.11"]
[WhiteClock "0:00:09"]
[BlackClock "0:01:02"]

1. e4 d6 2. d4 e5 3. Ne2 exd4 4. Nxd4 Nf6 5. Nc3 g6 6. g3 Bg7 7. Bg2 O-O 8. O-O Re8 9. Re1 Bd7 10. h3 Nc6 11. Be3 Nxd4 12. Bxd4 Bc6 13. Qd3 a5 14. a4 Nd7 15. Bxg7 Kxg7 16. Nd5 Bxd5 17. Qxd5 Nc5 18. e5 c6 19. Qd4 Ne6 20. Qc3 dxe5 21. Qxe5+ Qf6 22. Qxf6+ Kxf6 23. Rad1 Rad8 24. b3 Rxd1 25. Rxd1 Rd8 26. Rxd8 Nxd8 27. Kf1 Ke5 28. Ke2 Kd4 29. Kd2 Ne6 30. f4 Kc5 31. c3 b5 32. axb5 cxb5 33. Be4 h5 34. h4 a4 35. bxa4 bxa4 36. Bb1 Ng7 37. Ba2 a3 38. Bxf7 Nf5 39. Kc2 Nxg3 40. Bxg6 Ne2 41. f5 Nf4 42. Kb3 Kd6 43. Kxa3 Ng2 44. Bxh5 Ke5 45. f6 Kxf6 46. Kb4 Nxh4 47. Kc5 Ke5 48. Kb6 Nf5 49. c4 Kd4 50. c5 Ne7 51. Bf3 Nc8+ 52. Kc7 Kxc5 1/2-1/2


[Site "https://www.chess.com"]

[Event "Titled Tuesday Blitz January 11 2022"]
[White "Tregubov, Pavel V."]
[Black "Sadykov, Ramil"]
[WhiteFideId "4115341"]
[BlackFideId "24113590"]
[WhiteElo "2341"]
[BlackElo "2300"]
[Result "1-0"]
[Round "11"]
[TimeControl "180+1"]
[Date "2022.01.11"]
[WhiteClock "0:01:06"]
[BlackClock "0:00:01"]

1. e4 c5 2. Nf3 e6 3. c3 Nf6 4. e5 Nd5 5. d4 cxd4 6. cxd4 b6 7. Bc4 Bb7 8. O-O Qc7 9. Bxd5 Bxd5 10. Nc3 Bc4 11. Re1 Bb4 12. d5 Bxc3 13. d6 Qb7 14. bxc3 Nc6 15. Ng5 h6 16. Qh5 Rf8 17. Nh7 Rh8 18. Qg4 Ba6 19. Qxg7 O-O-O 20. Nf6 Kb8 21. Qxf7 Ka8 22. Bf4 Bc4 23. a4 Qb8 24. Qh5 Ba6 25. Qf3 Bb7 26. Qe3 Rhg8 27. Nxg8 Rxg8 28. f3 Na5 29. Qd4 Qf8 30. Bg3 h5 31. c4 Nb3 32. Qe3 Nc5 33. a5 h4 34. axb6 hxg3 35. Rxa7+ Kb8 36. Qxc5 gxh2+ 37. Kh1 Qxf3 38. Qc7# 1-0


[Site "https://www.chess.com"]